 Dungeon Crawl Stone Soup version 0.29.1-15-g9cfb28693d (webtiles) character file.

Game seed: 11728084634819956398

2428 protoss039 the Digger (level 9, -2/69 HPs)
             Began as a Demonspawn Earth Elementalist on Mar 25, 2023.
             Slain by a killer bee (4 damage)
             ... on level 7 of the Dungeon.
             The game lasted 00:14:17 (7560 turns).

protoss039 the Digger (DsEE)                        Turns: 7560, Time: 00:14:18

Health: -2/69      AC:  4    Str:  8    XL:     9   Next: 24%
Magic:  17/18      EV: 12    Int: 27    God:
Gold:   387        SH:  0    Dex: 18    Spells: 14/20 levels left

rFire   . . .      SeeInvis .   h - +0 dagger
rCold   + . .      Faith    .   v - orb {*channel}
rNeg    . . .      Spirit   .   w - +0 robe {rC+}
rPois   .          Reflect  .   (no helmet)
rElec   .          Harm     .   (no cloak)
rCorr   .          Rampage  .   u - +0 pair of gloves
Will    .....                   m - +0 pair of boots
Stlth   ++++......              (no amulet)
HPRegen 0.21/turn               A - ring of wizardry
MPRegen 0.16/turn               q - +6 ring of intelligence

@: lethally poisoned (-2 -> -19)
A: thin skeletal structure 2, powered by death 1, demonic magic 2, demonic touch
1
a: no special abilities


You were on level 7 of the Dungeon.
You visited 2 branches of the dungeon, and saw 8 of its levels.

You collected 387 gold pieces.

Inventory:

Hand Weapons
 h - a +0 dagger (weapon)
Missiles
 n - 5 poisoned darts
Armour
 m - a +0 pair of boots (worn)
 u - a +0 pair of gloves (worn)
 v - an orb of energy (worn)
 w - a +0 robe of cold resistance (worn)
Jewellery
 f - a ring of ice
 q - a +6 ring of intelligence (right hand)
 y - a ring of protection from cold
 A - a ring of wizardry (left hand)
Wands
 C - a wand of paralysis (5)
Scrolls
 c - 2 scrolls of amnesia
 d - a scroll of identify
 g - 2 scrolls of poison {unknown}
 i - 5 scrolls of teleportation
 o - a scroll of enchant armour {unknown}
 p - a scroll of enchant weapon {unknown}
 r - a scroll of noise {unknown}
 x - a scroll of immolation {unknown}
 z - a scroll of blinking {unknown}
 B - a scroll of fog {unknown}
 E - 2 scrolls of magic mapping {unknown}
Potions
 a - 2 potions of brilliance
 b - a potion of magic
 j - 2 potions of flight
 k - a potion of attraction {unknown}
 l - 3 potions of invisibility
 s - 2 potions of heal wounds
 t - 3 potions of might
 D - a potion of haste {unknown}


   Skills:
 + Level 6.0 Fighting
 - Level 3.0 Armour
 - Level 1.7 Dodging
 - Level 1.7 Stealth
 + Level 6.2 Spellcasting
 + Level 4.6 Conjurations
 - Level 0.8 Transmutations
 + Level 6.3 Earth Magic


You had 14 spell levels left.
You knew the following spells:

 Your Spells              Type           Power      Damage    Failure   Level
a - Sandblast             Erth           84%        2d18      1%          1
b - Passwall              Tmut/Erth      22%        N/A       1%          2
c - Stone Arrow           Conj/Erth      76%        3d11      1%          3

Your spell library contained the following spells:

 Spells                   Type           Power      Damage    Failure   Level
 Dazzling Flash           Conj/Hex       40%        N/A       3%          3
 Ensorcelled Hibernation  Hex/Ice        16%        N/A       4%          2
 Spider Form              Tmut/Pois      10%        N/A       6%          3
 Petrify                  Tmut/Erth      27%        N/A       6%          4
 Ozocubu's Armour         Ice            8%         N/A       8%          3
 Anguish                  Hex/Necr       4%         N/A       26%         4
 Passage of Golubria      Tloc           8%         N/A       26%         4
 Agony                    Necr           8%         N/A       54%         5
 Silence                  Hex/Air        4%         N/A       54%         5
 Ozocubu's Refrigeration  Ice            4%         4d8       100%        7
 Lehudib's Crystal Spear  Conj/Erth      19%        10d6      100%        8


Dungeon Overview and Level Annotations

Branches:
Dungeon (7/15) Zot: 26828  Temple (1/1) D:5 Zot: 5674

Altars:
Ashenzari
Cheibriados
Dithmenos
Gozag
Hepliaklqana
Makhleb
Nemelex Xobeh
Okawaru
Qazlal
Ru
Sif Muna
Uskayaw
Wu Jian
Xom

Annotations:
D:3 3 runed translucent doors, eddybrass's ghost, amateur GrFi


Innate Abilities, Weirdness & Mutations

You have a moderately thin skeletal structure. (Dex +4, Stealth++)
You regenerate a little health from kills.
Spells you cast may paralyse nearby enemies.
Your touch may inflict minor irresistible damage on your foes.


Message History

Malevolent energies surge around you.
The killer bee suddenly stops moving!
The killer bee buzzes angrily.
The killer bee stings you!
You are poisoned.
The killer bee poisons you! The killer bee stings you!
The killer bee barely misses you.
Unknown command.
The helpless killer bee fails to defend itself.
You puncture the killer bee!
The killer bee is heavily wounded.
You feel very sick.
The killer bee is no longer paralysed.
The killer bee stings you.
* * * LOW HITPOINT WARNING * * *
The killer bee stings you but does no damage. x2
You feel better. The killer bee closely misses you. The killer bee stings you.
You are poisoned.
The killer bee poisons you! The killer bee barely misses you.
The killer bee stings you!
* * * LOW HITPOINT WARNING * * *
The killer bee closely misses you. The killer bee stings you.
* * * LOW HITPOINT WARNING * * *
You feel much better.
You feel very sick. The killer bee barely misses you.
The killer bee stings you.
* * * LOW HITPOINT WARNING * * *
The killer bee stings you but does no damage.
The killer bee stings you!
* * * LOW HITPOINT WARNING * * *
The killer bee barely misses you. The killer bee misses you.
Okay, then.
You feel better. The killer bee stings you!
* * * LOW HITPOINT WARNING * * *
You are lethally poisoned!
The killer bee poisons you! The killer bee stings you.
* * * LOW HITPOINT WARNING * * *
You are more poisoned.
The killer bee poisons you!
The killer bee stings you but does no damage.
The killer bee stings you.
You die...

...# #..# ## #y. ...
... ..# #. #.# #.# #.
#.# #.# #. .# #.# #.#
#. ## .#
#)###y###.... ..
#.yy@y....####.### #
#####.####...........
#....)##)###.##....
#....)).)).........
....$...)...##..##...
####.....##.##..#
#.....##.##..# #
###.####.##..##.#.#
#................


You could see 4 killer bees.

Vanquished Creatures
  Pikel (D:6)
  Sigmund (D:4)
  A water moccasin (D:7)
  An ice beast (D:6)
  2 black bears (D:6)
  A sky beast (D:6)
  An ogre (D:3)
  A phantom (D:4)
  2 bullfrogs (D:6)
  A necrophage (D:5)
  2 scorpions
  A killer bee (D:7)
  3 howler monkeys (D:7)
  A jelly (D:6)
  5 orc priests (D:6)
  2 gnoll boudas
  4 hounds
  An orc wizard (D:5)
  10 gnolls
  14 adders
  A shadow imp (D:6)
  An ufetubus (D:5)
  A worm (D:2)
  A dart slug (D:3)
  18 orcs
  9 endoplasms
  3 giant cockroaches
  2 goblins
  9 hobgoblins
  3 jackals (D:2)
  2 quokkas
  4 ball pythons
  5 bats (D:2)
  3 frilled lizards
  6 kobolds
  6 rats
129 creatures vanquished.

Notes
Turn   | Place    | Note
-------+----------+-------------------------------------------
     0 | D:1      | protoss039 the Demonspawn Earth Elementalist began the
                  | quest for the Orb.
     0 | D:1      | Reached XP level 1. HP: 13/13 MP: 3/3
   281 | D:1      | Gained mutation: Spells you cast may paralyse adjacent
                  | enemies. [demonic ancestry]
   281 | D:1      | Reached XP level 2. HP: 20/20 MP: 0/5
   785 | D:1      | Learned a level 2 spell: Passwall
   825 | D:2      | Reached skill level 1 in Fighting
   974 | D:2      | Gained mutation: Spells you cast may paralyse nearby
                  | enemies. [demonic ancestry]
   974 | D:2      | Reached XP level 3. HP: 10/26 MP: 1/6
  1380 | D:2      | Reached skill level 1 in Armour
  1896 | D:2      | Reached XP level 4. HP: 32/32 MP: 5/7
  2074 | D:2      | Learned a level 3 spell: Stone Arrow
  2143 | D:3      | Noticed an ogre
  2387 | D:3      | Gained mutation: You have a somewhat thin skeletal
                  | structure. (Dex +2, Stealth+) [demonic ancestry]
  2387 | D:3      | Reached XP level 5. HP: 19/38 MP: 2/9
  2547 | D:3      | Killed an ogre
  2941 | D:3      | Found a runed translucent gate.
  2993 | D:3      | Found a runed translucent gate.
  2993 | D:3      | Found a runed translucent gate.
  2996 | D:3      | Noticed eddybrass's ghost (amateur GrFi)
  3282 | D:4      | Gained mutation: You have a moderately thin skeletal
                  | structure. (Dex +4, Stealth++) [demonic ancestry]
  3282 | D:4      | Reached XP level 6. HP: 46/46 MP: 8/10
  3312 | D:4      | Noticed Sigmund
  3322 | D:4      | Killed Sigmund
  3797 | D:4      | Gained mutation: You regenerate a little health from kills.
                  | [demonic ancestry]
  3797 | D:4      | Reached XP level 7. HP: 41/52 MP: 8/13
  4180 | D:5      | Entered Level 5 of the Dungeon
  4330 | D:5      | Found a staircase to the Ecumenical Temple.
  4652 | Temple   | Entered the Ecumenical Temple
  5062 | D:5      | Reached skill level 1 in Conjurations
  6265 | D:6      | Reached XP level 8. HP: 61/61 MP: 9/15
  6316 | D:6      | Reached skill level 5 in Spellcasting
  6316 | D:6      | Reached skill level 5 in Earth Magic
  6510 | D:6      | Reached skill level 5 in Fighting
  6595 | D:6      | Noticed Pikel
  6716 | D:6      | Found a hazy altar of Hepliaklqana.
  6722 | D:6      | Found a snail-covered altar of Cheibriados.
  7179 | D:6      | Killed Pikel
  7180 | D:6      | Gained mutation: Your touch may inflict minor irresistible
                  | damage on your foes. [demonic ancestry]
  7180 | D:6      | Reached XP level 9. HP: 58/69 MP: 3/18
  7560 | D:7      | HP: 2/69 [killer bee (6)]
  7560 | D:7      | Slain by a killer bee

Illustrated notes

Levels and vault maps discovered:
D:1:      scummos_arrival_hexagon, layout_loops_ring
D:2:      layout_loops_ring
D:3:      layout_basic, gammafunk_ghost_necromancy, minmay_misc_feat_tower
D:4:      layout_basic, uniq_sigmund
D:5:      layout_layer_cave, minmay_temple_entry_statues_pillars,
          hangedman_decor_riveting
D:6:      layout_cave_pools, nicolae_overflow_hidden_temple,
          nicolae_ossuary_entry_ruins, nrook_loot_triangle, uniq_pikel
D:7:      layout_loops_ring, yredelemnul_forgotten_temple_becter,
          mainiacjoe_overflow_catch_the_wave, uniq_prince_ribbit1
Temple:   oiseaux_autumnal_temple

Skill      XL: |  1  2  3  4  5  6  7  8  9 |
---------------+----------------------------+-----
Fighting       | 1 2 3 4 5 6 |  6.0
Earth Magic    | 3 4 6 |  6.3
Armour         | 1 2 3 |  3.0
Spellcasting   | 3 4 6 |  6.2
Conjurations   | 2 4 |  4.6
Dodging        | |  1.7
Stealth        | |  1.7
Transmutations | |  0.8

Action                   |  1- 3 |  4- 6 |  7- 9 || total
-------------------------+-------+-------+-------++-------
Melee: Dagger            |    22 |    39 |    24 ||    85
 Cast: Sandblast         |    30 |    52 |    88 ||   170
       Stone Arrow       |       |       |    21 ||    21
       Passwall          |       |       |     2 ||     2
  Use: Scroll            |       |     4 |     6 ||    10
       Potion            |       |       |     3 ||     3
 Stab: Paralysed         |     5 |     9 |    15 ||    29
       Sleeping          |     3 |     1 |     2 ||     6
Armor: Robe              |     2 |     2 |    16 ||    20
       Leather armour    |    10 |    16 |       ||    26
Dodge: Dodged            |    17 |    57 |    29 ||   103
